 Dungeon Sprint DCSS version 0.21.2 (webtiles) character file.

9575 Fang the Severer (level 11, -2/81 HPs)
             Began as a Gargoyle Berserker on Sept 27, 2018.
             Was the Champion of Trog.
             Slain by an unseen horror (4 damage)
             ... in the Dungeon (Sprint VII: "The Pits").
             The game lasted 00:04:56 (2473 turns).

Fang the Severer (Gargoyle Berserker)               Turns: 2473, Time: 00:04:56

Health: -2/81      AC: 24    Str: 23    XL:     11   Next: 48%
Magic:  3/3        EV: 13    Int: 12    God:    Trog [******]
Gold:   0          SH:  0    Dex:  9    Spells: 10/10 levels left

rFire    . . .     SeeInvis .   o - +6 battleaxe (antimagic)
rCold    . . .     Gourm    .   (shield currently unavailable)
rNeg     + . .     Faith    .   u - +4 chain mail
rPois    ∞         Spirit   .   (no helmet)
rElec    +         Reflect  .   (no cloak)
rCorr    .         Harm     .   (no gloves)
MR       .....     Clarity  +   (no boots) Stlth ..........NoTele +
                                (no amulet)
HPRegen  0.23/turn              p - +3 ring of intelligence
MPRegen  0.08/turn              q - +3 ring of evasion

@: berserk cooldown, slowed, very slow
A: clarity, negative energy resistance 1, screaming 1, electricity resistance,
unbreathing, petrification resistance, rot immunity, AC +8
a: Berserk, Trog's Hand, Brothers in Arms, Burn Spellbooks, Renounce Religion


You were in the Dungeon.
You worshipped Trog.
Trog was exalted by your worship.
You were near starving.

You visited 1 branch

Inventory:

Hand Weapons
 b - a +2 battleaxe of electrocution
 j - a +2 hand axe
 m - a +1 hand axe of freezing
 o - a +6 antimagic battleaxe (weapon)
Armour
 n - a +2 hat
 u - a +4 chain mail (worn)
Jewellery
 p - a +3 ring of intelligence (left hand)
 q - a +3 ring of evasion (right hand)
Scrolls
 i - a scroll of blinking
 k - 3 scrolls of remove curse
 l - a scroll of summoning
Potions
 a - 2 potions of invisibility
 d - 7 potions of curing
 e - 7 potions of heal wounds
 f - 3 potions of haste
 g - 4 potions of magic
 h - 4 potions of berserk rage
 r - a potion of might
 s - a potion of agility
 t - a potion of lignification {unknown}
Comestibles
 c - 8 rations


   Skills:
 + Level 15.2 Fighting
 + Level 17.7 Axes
 + Level 12.6 Armour
 + Level 4.5 Dodging
 + Level 3.4 Stealth


You had 10 spell levels left.
You didn't know any spells.

Dungeon Overview and Level Annotations

Branches:
Dungeon (1/1)

Altars:
Ashenzari
Cheibriados
Dithmenos
Elyvilon
Fedhas
Gozag
Hepliaklqana
Kikubaaqudgha
Makhleb
Nemelex Xobeh
Okawaru
Qazlal
Ru
Sif Muna
Trog
Uskayaw
Vehumet
Wu Jian
Xom
Yredelemnul
Zin
The Shining One
Beogh
Jiyva
Lugonu


Innate Abilities, Weirdness & Mutations

You are resistant to torment.
Your stone body is resilient. (AC +8)
You are immune to poison.
You resist negative energy. (rN+)
You are resistant to electric shocks. (rElec)
You can survive without breathing.
You are immune to petrification.
You are immune to rotting.
You possess an exceptional clarity of mind.
You occasionally shout uncontrollably at your foes.


Message History

You kill the lindwurm!
Trog accepts your kill. Something hits you but does no damage.
Your stone giant hits the naga!
Something hits you but does no damage.
Your stone giant barely misses the naga.
Unknown command.
Something hits you but does no damage. x2; Your stone giant hits the naga!!!
The naga dies!
Trog accepts your kill. Something hits you but does no damage.
Your stone giant hits the dream sheep!!
The dream sheep dies!
Trog accepts your kill. Something hits you.
* * * LOW HITPOINT WARNING * * *
The naga warrior misses you. The naga warrior grabs you.
* * * LOW HITPOINT WARNING * * *
The naga warrior constricts you.
Unknown command.
You escape the naga warrior's grasp.
Something hits you.
You die...

........# #''###### #''# #####
######## ####
#..###...###..'...# ....
#...##)..##..##...### .....
##.(.##)##..###...+.## .....
##....([....##...#..## ....#
##.)###(###...##)##...###...###
#.)##...[.##..#.@.#)).#.§.....#
#..'.......'..').Nw.)M'ss5....#
#..##.....##..#...#)C.#†).....#
##..###'###...##'##...###.s.###
##....).....##...#..## ....#
##...##'##..###...+.## .....
#...##...##..##...### w....
#..###...###..'...# .... ####
##### ######## ####


You could see a naga warrior, a tyrant leech, a guardian mummy, a giant
cockroach and a friendly stone giant (berserk).

Vanquished Creatures
  Gastronok (D)
  A flayed ghost (D)
  A sea snake (D)
  A lindwurm (D)
  A large abomination (D)
  A wizard (D)
  An orange demon (D)
  A freezing wraith (D)
  A demonic crawler (D)
  2 guardian mummies (D)
  A merfolk (D)
  A tyrant leech (D)
  A hippogriff (D)
  2 dream sheep (D)
  A shadow (D)
  A tarantella (D)
  A vampire (D)
  5 yaks (D)
  A small abomination (D)
  A basilisk (D)
  2 fire bats (D)
  A naga (D)
  An acid dragon (D)
  A water moccasin (D)
  A floating eye (D)
  An ice beast (D)
  Purgy (D)
  A sky beast (D)
  2 centaurs (D)
  4 wights (D)
  An orc wizard (D)
  A hell rat (D)
  A mummy (D)
  A gnoll (D)
  3 adders (D)
  2 river rats (D)
  An ufetubus (D)
  2 oozes (D)
  2 orcs (D)
  2 ball pythons (D)
  A bat zombie (D)
  2 giant cockroaches (D)
  A quokka (D)
  A kobold (D)
  A leopard gecko zombie (D)
  A rat (D)
64 creatures vanquished.

Vanquished Creatures (collateral kills)
  A naga mage (D)
  3 dream sheep (D)
  A ynoxinul (D)
  A naga (D)
6 creatures vanquished.

Vanquished Creatures (others)
  Mennas (D)
  A Tzitzimitl (D)
2 creatures vanquished.

Grand Total: 72 creatures vanquished

Notes
Turn   | Place    | Note
-------+----------+-------------------------------------------
     0 | D        | Fang the Gargoyle Berserker began the quest for the Orb.
     0 | D        | Reached XP level 1. HP: 14/14 MP: 1/1
    18 | D        | Found a bloodstained altar of Trog.
    18 | D        | Found a deep blue altar of Sif Muna.
    18 | D        | Found a viscous altar of Jiyva.
    18 | D        | Found a hazy altar of Hepliaklqana.
    18 | D        | Found an opulent altar of Gozag.
    19 | D        | Found a glowing golden altar of the Shining One.
    19 | D        | Found a glowing silver altar of Zin.
    19 | D        | Found a basalt altar of Yredelemnul.
    19 | D        | Found a shimmering altar of Xom.
    19 | D        | Found an ornate altar of the Wu Jian Council.
    19 | D        | Found a sacrificial altar of Ru.
    19 | D        | Found a stormy altar of Qazlal.
    19 | D        | Found an iron altar of Okawaru.
    19 | D        | Found a sparkling altar of Nemelex Xobeh.
    19 | D        | Found a burning altar of Makhleb.
    19 | D        | Found a blossoming altar of Fedhas.
    19 | D        | Found a white marble altar of Elyvilon.
    19 | D        | Found a shadowy altar of Dithmenos.
    19 | D        | Found a snail-covered altar of Cheibriados.
    21 | D        | Found a radiant altar of Vehumet.
    21 | D        | Found a corrupted altar of Lugonu.
    21 | D        | Found a roughly hewn altar of Beogh.
    59 | D        | Reached skill level 3 in Axes
    63 | D        | Reached ** piety under Trog
    63 | D        | Reached XP level 2. HP: 12/20 MP: 2/2
   260 | D        | Reached skill level 4 in Axes
   264 | D        | Reached skill level 5 in Fighting
   264 | D        | Reached XP level 3. HP: 22/26 MP: 3/3
   322 | D        | Reached *** piety under Trog
   439 | D        | Reached **** piety under Trog
   440 | D        | Noticed a floating eye
   444 | D        | Reached skill level 5 in Axes
   446 | D        | Reached XP level 4. HP: 32/32 MP: 4/4
   446 | D        | Killed a floating eye
   446 | D        | Reached skill level 7 in Axes
   446 | D        | Reached XP level 5. HP: 39/39 MP: 5/5
   452 | D        | Reached ***** piety under Trog
   556 | D        | Killed Mennas
   616 | D        | Noticed a fire bat
   822 | D        | Killed a fire bat
   822 | D        | Reached skill level 9 in Axes
   822 | D        | Reached XP level 6. HP: 36/47 MP: 6/6
   900 | D        | Noticed a flayed ghost
   905 | D        | Killed a flayed ghost
   905 | D        | Reached skill level 11 in Axes
   905 | D        | Reached XP level 7. HP: 54/54 MP: 7/7
   905 | D        | Reached XP level 8. HP: 60/60 MP: 8/8
   941 | D        | Noticed Purgy
   954 | D        | Killed Purgy
   954 | D        | Received a gift from Trog
  1062 | D        | Killed a Tzitzimitl
  1140 | D        | Noticed a merfolk
  1147 | D        | Killed a merfolk
  1147 | D        | Reached skill level 12 in Axes
  1321 | D        | Gained mutation: You occasionally shout uncontrollably at your foes. [potion of mutation]
  1321 | D        | Gained mutation: You possess an exceptional clarity of mind. [potion of mutation]
  1391 | D        | Found a hide-covered altar of Uskayaw.
  1391 | D        | Found an ancient bone altar of Kikubaaqudgha.
  1391 | D        | Found a shattered altar of Ashenzari.
  1416 | D        | Noticed a hippogriff
  1417 | D        | Noticed a guardian mummy
  1426 | D        | Killed a hippogriff
  1427 | D        | Killed a guardian mummy
  1427 | D        | Reached skill level 13 in Axes
  1427 | D        | Reached XP level 9. HP: 65/65 MP: 3/9
  1434 | D        | Received a gift from Trog
  1439 | D        | Reached ****** piety under Trog
  1447 | D        | Reached skill level 14 in Axes
  1577 | D        | Noticed a demonic crawler
  1589 | D        | Killed a demonic crawler
  1847 | D        | Noticed an orange demon
  1849 | D        | Reached skill level 10 in Armour
  1851 | D        | Received a gift from Trog
  1856 | D        | Killed an orange demon
  1856 | D        | Reached skill level 1 in Stealth
  1856 | D        | Reached XP level 10. HP: 72/72 MP: 10/10
  2021 | D        | Reached skill level 15 in Axes
  2021 | D        | Received a gift from Trog
  2121 | D        | Noticed Gastronok
  2130 | D        | Killed Gastronok
  2130 | D        | Reached skill level 16 in Axes
  2135 | D        | Received a gift from Trog
  2298 | D        | Noticed a sea snake
  2307 | D        | Killed a sea snake
  2307 | D        | Reached XP level 11. HP: 55/80 MP: 3/11
  2435 | D        | Noticed a wizard
  2435 | D        | Noticed a large abomination
  2441 | D        | Killed a large abomination
  2442 | D        | Killed a wizard
  2442 | D        | Reached skill level 17 in Axes
  2448 | D        | Received a gift from Trog
  2449 | D        | Noticed a lindwurm
  2449 | D        | Noticed a naga warrior
  2458 | D        | Received a gift from Trog
  2460 | D        | HP: 1/80 [ynoxinul/iron shot (29)]
  2461 | D        | Reached skill level 15 in Fighting
  2470 | D        | Received a gift from Trog
  2471 | D        | Killed a lindwurm
  2472 | D        | HP: 1/81 [naga warrior/halberd (4)]
  2473 | D        | Slain by an unseen horror

Skill      XL: |  1  2  3  4  5  6  7  8  9 10 11 |
---------------+----------------------------------+-----
Axes           | 3 4 5 7 9 11 13 14 16 17 | 17.7
Fighting       | 4 5 6 8 9 11 12 14 15 | 15.2
Dodging        | 2 3 4 |  4.5
Armour         | 3 4 6 8 10 11 12 | 12.6
Stealth        | 1 2 3 |  3.4

Action                   |  1- 3 |  4- 6 |  7- 9 | 10-12 || total
-------------------------+-------+-------+-------+-------++-------
Melee: Hand axe          |    31 |    28 |    17 |       ||    76
       Battleaxe         |       |       |    46 |    56 ||   102
Invok: Berserk           |     2 |     2 |     4 |     4 ||    12
       Brothers in Arms  |       |       |       |     2 ||     2
  Use: Potion            |       |       |     1 |     2 ||     3
  Eat: Chunk             |       |     2 |     7 |     2 ||    11
       Ration            |       |       |       |     1 ||     1
Armor: Animal skin       |     8 |       |       |       ||     8
       Chain mail        |     6 |    24 |    47 |    51 ||   128
Dodge: Dodged            |    11 |     8 |    40 |    41 ||   100
